[Event "Prague Open 2024"]
[Site "Prague"]
[Date "2024.01.11"]
[Round "8.2"]
[White "Tobak, Mikhail"]
[Black "Keller, Peter"]
[Result "1/2-1/2"]
[ECO "C67"]
[WhiteElo "2288"]
[BlackElo "2289"]
[Annotator "RC"]
[PlyCount "97"]
[EventDate "2024.01.02"]
[EventType "swiss"]
[EventCountry "CZE"]
[SourceTitle "playchess.com"]
[Source "ChessBase"]
[SourceQuality "1"]
[TimeControl "40/5400+30:1800+30"]

1. e4 e5 2. Nf3 Nc6 3. Bb5 Nf6 4. O-O Nxe4 5. d4 Nd6 6. Bxc6 dxc6 7. dxe5 Nf5 8. Qxd8+ Kxd8 9. Nc3 Bd7 10. b3 b6 11. Bb2 Kc8 12. Rad1 Be7 13. Ne4 a5 14. a4 h6 15. g4 Nh4 16. Nxh4 Bxh4 17. f3 Be7 18. e6 Bxe6 19. Bxg7 Rg8 20. Bf6 Bxf6 21. Nxf6 Rg6 22. Nh5 b5 23. Nf4 Rf6 24. Nh5 Rg6 25. Nf4 Rf6 26. Nxe6 Rxe6 27. Rfe1 bxa4 28. Rxe6 fxe6 29. bxa4 Rb8 30. Re1 Kd7 31. Re5 Rb2 32. Rxa5 Rxc2 33. Rh5 c5 34. Kf1 c4 35. Ke1 c3 36. Kd1 Ra2 37. Rxh6 Kd6 38. Rh5 e5 39. g5 Rxa4 40. Kc2 Rf4 41. g6 Ke7 42. Rh7+ Kf8 43. h4 Rxf3 44. Rxc7 Rh3 45. Rh7 Rg3 46. h5 Kg8 47. Kb3 Rh3 48. Kc2 Rg3 49. Kb3 1/2-1/2

[Event "Prague Open 2024"]
[Site "Prague"]
[Date "2024.01.11"]
[Round "8.3"]
[White "Stanojevic, Ilija"]
[Black "Poetsch, Hagen"]
[Result "1/2-1/2"]
[ECO "D37"]
[WhiteElo "2206"]
[BlackElo "2471"]
[Annotator "TA"]
[PlyCount "95"]
[EventDate "2024.01.02"]
[EventType "swiss"]
[EventCountry "CZE"]
[SourceTitle "playchess.com"]
[Source "ChessBase"]
[SourceQuality "1"]
[TimeControl "40/5400+30:1800+30"]

1. d4 Nf6 2. c4 e6 3. Nf3 d5 4. Nc3 dxc4 5. e4 b5 6. e5 {D24: Queen's Gambit Accepted: 3 Nf3 Nf6 4 Nc3.} Nd5 7. Nxb5 Nb6 8. Be2 {White is slightly better.} Be7 9. O-O Nc6 10. Be3 O-O 11. Qc1 Ba6 12. Nc3 (12. Bxc4 Nxc4 13. Qxc4 Nb4 $15) 12... Nb4 13. Rd1 Rb8 14. a3 N4d5 15. b4 Nxc3 16. Qxc3 Bb5 $1 {[#]} 17. Nd2 $146 ({Predecessor:} 17. Qc1 Qd7 18. Nd2 Qc6 19. Nb1 Qa8 20. Nc3 Bc6 21. f3 a5 22. Bg5 Bxg5 23. Qxg5 {1-0 Mareco,S (2624)-Galaviz Medina,S (2378) Mexican op 68th 2023 (3)}) 17... Nd5 18. Qc2 a5 19. bxa5 c3 20. Bxb5 Rxb5 21. Ne4 $1 Rb2 22. Qd3 Rb3 (22... Nxe3 $11 23. fxe3 Qd5) 23. Rdb1 (23. Bd2 $16) 23... Qb8 (23... Rxb1+ $11 {remains equal.} 24. Rxb1 c5) 24. Bc1 c5 25. Rxb3 (25. dxc5 $6 Rxb1 26. Rxb1 Qxe5 $11) 25... Qxb3 26. dxc5 ({Reject} 26. Nxc5 Bxc5 27. dxc5 Qa4 $11) 26... Qa4 27. Be3 (27. Nxc3 $2 {loses.} Nxc3 28. Bd2 Nd5 $19) 27... Qxa5 28. Bd4 $1 Rb8 29. Bxc3 (29. Nxc3 $16 Nxc3 30. Qxc3 (30. Bxc3 Qxc5 31. Qd2 Qxa3 $11) 30... Qxc3 {[%mdl 64] Remove Defender} 31. Bxc3) 29... Nxc3 $11 30. Qxc3 Qxc3 {[%mdl 64] Remove Defender} 31. Nxc3 {Strongly threatening Ne4.} Bxc5 $16 {[%mdl 4096] Endgame KRB-KRN} 32. Rb1 Ra8 33. Nb5 g5 34. Kf1 Ra4 35. Rc1 Bf8 36. Rc8 Kg7 37. Nd6 Rxa3 38. Ne4 (38. Rc7 $11) 38... Ra1+ $17 39. Ke2 Ra5 $1 40. Kf3 Rxe5 41. g4 {[#]} h5 42. Ng3 (42. gxh5 $15 g4+ {[%mdl 64] Discovered Attack} 43. Kf4 Rxh5 44. Kxg4 Rxh2 45. f4) 42... hxg4+ 43. Kxg4 Be7 44. Nh5+ {[#]} Kg6 (44... Kh7 $1 $17 {And now ...f5+ would win.} 45. Rc7 f5+ 46. Kg3 Kg6 47. Rxe7 Kxh5) 45. Rg8+ $11 {The position is equal.} Kh6 {White must now prevent ...f5+.} 46. Rh8+ Kg6 {Threatens to win with ...Re4+.} 47. Rg8+ Kh6 48. Rh8+ {Weighted Error Value: White=0.15 (very precise) /Black=0.15 (very precise)} 1/2-1/2

[Event "Prague Open 2024"]
[Site "Prague"]
[Date "2024.01.11"]
[Round "8.4"]
[White "Sowinski, Pawel"]
[Black "Mohylnyi, Stepan"]
[Result "1-0"]
[ECO "D80"]
[WhiteElo "2357"]
[BlackElo "2180"]
[Annotator "RC"]
[PlyCount "93"]
[EventDate "2024.01.02"]
[EventType "swiss"]
[EventCountry "CZE"]
[SourceTitle "playchess.com"]
[Source "ChessBase"]
[SourceQuality "1"]
[TimeControl "40/5400+30:1800+30"]

1. d4 Nf6 2. c4 g6 3. Nc3 d5 4. e3 Bg7 5. cxd5 Nxd5 6. Nxd5 Qxd5 7. Ne2 O-O 8. Nc3 Qd8 9. Be2 c6 10. O-O e5 11. dxe5 Qxd1 12. Rxd1 Bxe5 13. e4 Nd7 14. Be3 Re8 15. f3 Nb6 16. a4 Be6 17. a5 Nc4 18. Bxc4 Bxc4 19. Rd7 Bxc3 20. bxc3 Ba6 21. Rad1 b6 22. axb6 axb6 23. Bxb6 Bb5 24. R7d6 Reb8 25. Bd4 Rd8 26. Bf6 Rxd6 27. Rxd6 h6 28. h4 Kf8 29. Rd7 Re8 30. Rc7 Re6 31. Rc8+ Re8 32. Bg7+ Ke7 33. Rxe8+ Kxe8 34. Bxh6 f5 35. exf5 gxf5 36. Kf2 Kf7 37. g4 c5 38. Kg3 fxg4 39. fxg4 Be2 40. Be3 c4 41. h5 Bd3 42. g5 Be4 43. g6+ Kf6 44. Kf4 Bd5 45. Bd4+ Ke7 46. Kg5 Bg8 47. h6 1-0

[Event "Prague Open 2024"]
[Site "Prague"]
[Date "2024.01.11"]
[Round "8.5"]
[White "Ivanov, Mike"]
[Black "Rakovsky, Jakub"]
[Result "1-0"]
[ECO "A06"]
[WhiteElo "2356"]
[BlackElo "2157"]
[Annotator "RC"]
[PlyCount "101"]
[EventDate "2024.01.02"]
[EventType "swiss"]
[EventCountry "CZE"]
[SourceTitle "playchess.com"]
[Source "ChessBase"]
[SourceQuality "1"]
[TimeControl "40/5400+30:1800+30"]

1. Nf3 d5 2. g3 Bg4 3. Bg2 c6 4. h3 Bxf3 5. Bxf3 e5 6. d3 Nf6 7. O-O Be7 8. e4 dxe4 9. dxe4 O-O 10. Nd2 Nbd7 11. Nc4 Qc7 12. Qe2 Rfd8 13. Bd2 Bc5 14. b4 Bd4 15. c3 Bb6 16. Rab1 h6 17. Rb2 Nf8 18. a4 Qe7 19. a5 Bc7 20. Be3 Ne6 21. h4 Nd7 22. Rd1 b5 23. axb6 axb6 24. Rbd2 b5 25. Nd6 Bxd6 26. Rxd6 Nd4 27. R6xd4 exd4 28. Bxd4 Ne5 29. Bg2 Qe6 30. Qh5 Qg4 31. Qxg4 Nxg4 32. Re1 Nf6 33. e5 Nd5 34. e6 f6 35. Be4 Ne7 36. Bc5 Re8 37. Bxe7 Rxe7 38. Bxc6 Rc8 39. Bxb5 Rxc3 40. Bd7 Rc7 41. Rb1 g6 42. b5 Kf8 43. b6 Rb7 44. Kg2 Rg7 45. Kf3 Ke7 46. Bc8 Rb8 47. b7 Rg8 48. Rc1 Kd6 49. Ke4 Re8 50. Rd1+ Kc5 51. h5 1-0

[Event "Prague Open 2024"]
[Site "Prague"]
[Date "2024.01.11"]
[Round "8.6"]
[White "Eliseev, Sergey"]
[Black "Khandhar, Kaushal"]
[Result "1-0"]
[ECO "C18"]
[WhiteElo "2232"]
[BlackElo "1840"]
[Annotator "TA"]
[PlyCount "87"]
[EventDate "2024.01.02"]
[EventType "swiss"]
[EventCountry "CZE"]
[SourceTitle "playchess.com"]
[Source "ChessBase"]
[SourceQuality "1"]
[TimeControl "40/5400+30:1800+30"]

1. e4 e6 2. d4 d5 3. Nc3 Bb4 4. e5 c5 5. a3 Bxc3+ 6. bxc3 Nc6 7. h4 Qa5 8. Bd2 Bd7 9. Rb1 Qa4 {[%emt 0:19:07] Die Stellung ist ausgeglichen.} 10. Bb5 Qxa3 11. Qg4 Qa2 12. Rc1 Nge7 13. Nf3 c4 $2 (13... Kf8 $11 {und Schwarz muss sich keine Sorgen machen.}) 14. Qxg7 $18 O-O-O 15. Bxc6 ({Finger weg von} 15. Qxf7 $6 Rdf8 16. Qh5 h6 $16) ({Besser ist} 15. Ng5 $18) 15... Nxc6 $16 {[%emt 0:01:45] Schwarz hat schwache schwarze Felder} 16. Bg5 (16. O-O $16) 16... Rdg8 17. Qxf7 {[%emt 0:02:29] Weiß steht aktiver.} Rf8 18. Qh5 {[%emt 0:02:27] Damit ist Schwarz auf der Verliererstraße.} Rf5 {[%emt 0:02:55][%cal Oh7h6] [#]} 19. Qh6 $1 Qa3 20. Kd2 Qf8 {[%emt 0:02:38] Pariert Bf6.} (20... Na5 $16) 21. Qxf8+ $18 Rhxf8 22. Ke3 h5 23. Bf6 Nd8 24. Ng5 Nf7 25. Nxf7 Rxf7 26. f3 Be8 27. g4 R5xf6 28. exf6 Rxf6 29. gxh5 Bxh5 {[%emt 0:00:10][%mdl 4096] Endspiel. KRR-KRB} 30. f4 {[%emt 0:02:31] Droht stark Rcg1.} a5 (30... Kd7 {war angesagt.} 31. Ra1 a6) 31. Rcg1 Kc7 32. Rg7+ Kc6 33. Rh7 Bg4 34. Rh8 {[%emt 0:03:51] [#] Wehrt Rf8 ab. Droht h5 und aus.} Bf5 35. Rh2 Rg6 36. h5 Rg3+ 37. Kd2 {[%emt 0:00:15] Und h6 würde nun gewinnen.} a4 38. h6 a3 39. Ra8 {[%emt 0:00:22][%cal Oh6h7] Zielt auf h7! ab.} b5 (39... Bh7 $142 40. Rxa3 Rf3) 40. h7 Bxh7 41. Rxh7 Rg2+ 42. Ke1 b4 43. cxb4 (43. Ra6+ $142 Kb5 44. Rxe6 (44. Rha7 b3 $18) 44... Rxc2 45. Rb7+ Ka4 46. Rxb4+ (46. cxb4 Kb3 $18) 46... Ka5 47. Rbb6 Ka4 48. Rb8) 43... Rxc2 44. Rxa3 {[%emt 0:00:08] Gewichteter Fehlerwert: Weiß=0.11 (sehr präzise) /Schwarz=0.52.  Verlustzug:     	---       	Schwarz=1     Fehler:       	Weiß=2     	Schwarz=3     Ungenau:       	Weiß=2     	Schwarz=5     OK:         	Weiß=15    	Schwarz=8     Bester:       	Weiß=2     	Schwarz=3     Stark:        	Weiß=1     	---} (44. Rb8 $142 Rb2 45. Ra7 Rb1+ 46. Kd2 Rb2+ 47. Kc1 Rb3 48. b5+ Rxb5 49. Ra6+ Kd7 50. Rxb5) 1-0

[Event "Prague Open 2024"]
[Site "Prague"]
[Date "2024.01.11"]
[Round "8.7"]
[White "Shagbazyan, Taron"]
[Black "Koridze, Lile"]
[Result "1-0"]
[ECO "E49"]
[WhiteElo "2403"]
[BlackElo "2152"]
[Annotator "RC"]
[PlyCount "57"]
[EventDate "2024.01.02"]
[EventType "swiss"]
[EventCountry "CZE"]
[SourceTitle "playchess.com"]
[Source "ChessBase"]
[SourceQuality "1"]
[TimeControl "40/5400+30:1800+30"]

1. d4 Nf6 2. c4 e6 3. Nc3 Bb4 4. e3 O-O 5. Bd3 d5 6. a3 Bxc3+ 7. bxc3 c5 8. cxd5 exd5 9. Ne2 b6 10. O-O Bb7 11. f3 Nc6 12. Ng3 Re8 13. Qc2 cxd4 14. cxd4 Rc8 15. Qf2 Na5 16. Rb1 Rc3 17. Rd1 Qc8 18. Bb2 Rc7 19. Nf5 Re6 20. Qg3 Ne8 21. e4 dxe4 22. fxe4 Bxe4 23. Bxe4 Rxe4 24. Qf3 Qb7 25. d5 Rcc4 26. Re1 Rxe1+ 27. Rxe1 Qd7 28. Re7 Qb5 29. Nh6+ 1-0

[Event "Prague Open 2024"]
[Site "Prague"]
[Date "2024.01.11"]
[Round "8.8"]
[White "Sindler, Michal"]
[Black "Neuman, Petr"]
[Result "1/2-1/2"]
[ECO "B28"]
[WhiteElo "2158"]
[BlackElo "2398"]
[Annotator "RC"]
[PlyCount "93"]
[EventDate "2024.01.02"]
[EventType "swiss"]
[EventCountry "CZE"]
[SourceTitle "playchess.com"]
[Source "ChessBase"]
[SourceQuality "1"]
[TimeControl "40/5400+30:1800+30"]

1. e4 c5 2. Nf3 a6 3. g3 Nc6 4. Bg2 Nf6 5. d3 d6 6. O-O g6 7. Re1 Bg7 8. h3 O-O 9. c3 e5 10. Be3 Re8 11. Nbd2 b6 12. d4 exd4 13. cxd4 Bb7 14. dxc5 dxc5 15. Nc4 Nxe4 16. Qxd8 Raxd8 17. Nxb6 Nb4 18. Rad1 Nc2 19. Rxd8 Rxd8 20. Re2 Nxe3 21. Rxe3 Rd1+ 22. Kh2 f5 23. Re2 Bc6 24. Nd2 Bb5 25. Ndc4 Bd4 26. Bf3 Rc1 27. b3 Bxf2 28. a4 Bc6 29. Rxf2 Nxf2 30. Bxc6 Rc2 31. Bg2 Nd3 32. Kg1 Nc1 33. Bb7 Nxb3 34. Bxa6 Kg7 35. Bb7 Ra2 36. h4 h6 37. Bd5 Nd4 38. Bg2 Ne2+ 39. Kh2 f4 40. gxf4 Nxf4 41. Ne3 g5 42. hxg5 hxg5 43. Kg1 g4 44. Bf1 Nh3+ 45. Kh1 Nf2+ 46. Kg1 Nh3+ 47. Kh1 1/2-1/2

[Event "Prague Open 2024"]
[Site "Prague"]
[Date "2024.01.11"]
[Round "8.9"]
[White "Wang, Yukun"]
[Black "Gomes, Mary Ann"]
[Result "1-0"]
[ECO "B90"]
[WhiteElo "2117"]
[BlackElo "2332"]
[Annotator "RC"]
[PlyCount "93"]
[EventDate "2024.01.02"]
[EventType "swiss"]
[EventCountry "CZE"]
[SourceTitle "playchess.com"]
[Source "ChessBase"]
[SourceQuality "1"]
[TimeControl "40/5400+30:1800+30"]

1. e4 c5 2. Nf3 d6 3. d4 cxd4 4. Nxd4 Nf6 5. Nc3 a6 6. Be3 e5 7. Nb3 Be6 8. f3 Nbd7 9. Qd2 b5 10. g4 Nb6 11. g5 Nfd7 12. Na5 Rc8 13. a4 Nc4 14. Nxc4 bxc4 15. Nd5 Bxd5 16. Qxd5 Be7 17. Bxc4 O-O 18. h4 Nb6 19. Bxb6 Qxb6 20. O-O-O Rc5 21. Qd3 Rb8 22. b3 Qb4 23. c3 Qa3+ 24. Kd2 d5 25. exd5 Rxb3 26. Bxb3 Qxb3 27. c4 Qxa4 28. Rc1 Rc8 29. Ke2 Bc5 30. Ra1 Qd7 31. Rxa6 Bd4 32. Kf1 Rb8 33. Ra2 Rf8 34. Kg2 Qc8 35. Re1 f6 36. f4 Qg4+ 37. Qg3 Qc8 38. Rc2 Qf5 39. Rd2 Kh8 40. Rd3 Qc8 41. gxf6 gxf6 42. fxe5 Qxc4 43. e6 Qxd5+ 44. Qf3 Rg8+ 45. Kh3 Qc5 46. Qf4 Qc6 47. Qe4 1-0

[Event "Prague Open 2024"]
[Site "Prague"]
[Date "2024.01.11"]
[Round "8.10"]
[White "Trapl, Dalibor"]
[Black "Berin, Artem"]
[Result "1-0"]
[ECO "C70"]
[WhiteElo "2108"]
[BlackElo "2327"]
[Annotator "RC"]
[PlyCount "67"]
[EventDate "2024.01.02"]
[EventType "swiss"]
[EventCountry "CZE"]
[SourceTitle "playchess.com"]
[Source "ChessBase"]
[SourceQuality "1"]
[TimeControl "40/5400+30:1800+30"]

1. e4 e5 2. Nf3 Nc6 3. Bb5 a6 4. Ba4 b5 5. Bb3 Na5 6. O-O d6 7. d4 exd4 8. Nxd4 Bb7 9. Nf5 Nxb3 10. axb3 g6 11. Ng3 Bg7 12. Nc3 Nf6 13. Nd5 c6 14. Nxf6+ Qxf6 15. e5 dxe5 16. Ne4 Qe7 17. Be3 O-O 18. Bc5 Qh4 19. Bxf8 Bxf8 20. Qg4 Qe7 21. Qd7 f5 22. Nc5 Qxd7 23. Nxd7 Bg7 24. Nc5 Bc8 25. Rfd1 Bf6 26. Rd6 Be7 27. Rxc6 Kf7 28. Rd1 f4 29. Nd7 Bb7 30. Nxe5+ Ke8 31. Rc7 Bc8 32. Nc6 Bf6 33. Rd6 Bg5 34. Rxh7 1-0

[Event "Prague Open 2024"]
[Site "Prague"]
[Date "2024.01.11"]
[Round "8.11"]
[White "Krstic, Andrija Marko"]
[Black "Grave, Jacob Templen"]
[Result "1-0"]
[ECO "D45"]
[WhiteElo "2113"]
[BlackElo "2296"]
[Annotator "RC"]
[PlyCount "67"]
[EventDate "2024.01.02"]
[EventType "swiss"]
[EventCountry "CZE"]
[SourceTitle "playchess.com"]
[Source "ChessBase"]
[SourceQuality "1"]
[TimeControl "40/5400+30:1800+30"]

1. d4 Nf6 2. c4 e6 3. Nf3 d5 4. Nc3 c6 5. e3 Nbd7 6. Be2 Bd6 7. O-O O-O 8. b3 b6 9. Bb2 Bb7 10. Bd3 c5 11. cxd5 exd5 12. Rc1 Rc8 13. Ne2 Re8 14. Ng3 g6 15. Bb5 Re7 16. Rc2 a6 17. Bxd7 Nxd7 18. dxc5 bxc5 19. Qa1 Re8 20. Rd1 Qe7 21. Ne2 h5 22. b4 d4 23. bxc5 Bxf3 24. gxf3 dxe3 25. Rxd6 exf2+ 26. Kxf2 Rxc5 27. Rcd2 Rf5 28. Qf1 Nc5 29. Ng3 Rf4 30. Re2 Ne6 31. Be5 Rc4 32. Ne4 Rec8 33. Rd7 Qb4 34. Nf6+ 1-0

[Event "Prague Open 2024"]
[Site "Prague"]
[Date "2024.01.11"]
[Round "8.12"]
[White "Eropunov, Gleb"]
[Black "Morchiashvili, Bachana"]
[Result "1/2-1/2"]
[ECO "E73"]
[WhiteElo "2052"]
[BlackElo "2295"]
[Annotator "RC"]
[PlyCount "111"]
[EventDate "2024.01.02"]
[EventType "swiss"]
[EventCountry "CZE"]
[SourceTitle "playchess.com"]
[Source "ChessBase"]
[SourceQuality "1"]
[TimeControl "40/5400+30:1800+30"]

1. d4 Nf6 2. c4 g6 3. Nc3 Bg7 4. e4 d6 5. Be2 O-O 6. Be3 e5 7. d5 Na6 8. g4 Nc5 9. f3 a5 10. h4 c6 11. h5 cxd5 12. h6 Bh8 13. cxd5 Ne8 14. Nh3 Bf6 15. Qd2 Bd7 16. O-O-O Rc8 17. Kb1 a4 18. Nf2 Qa5 19. Nb5 Qa6 20. Nc7 Qa7 21. Nxe8 Rfxe8 22. Rc1 Bd8 23. Nd3 Ba5 24. Qd1 Bb6 25. Nxc5 Bxc5 26. Bxc5 Rxc5 27. Rxc5 Qxc5 28. Qg1 Rc8 29. Qxc5 Rxc5 30. Rc1 f6 31. Rxc5 dxc5 32. Kc2 Kf7 33. Kc3 b5 34. b4 axb3 35. axb3 Ke7 36. b4 Kd6 37. Bd3 Be8 38. Be2 Bd7 39. Bd3 Be8 40. Be2 f5 41. exf5 gxf5 42. gxf5 c4 43. Bd1 Bf7 44. f6 Bxd5 45. Bc2 Ke6 46. Bxh7 Kxf6 47. Bf5 Bc6 48. Kd2 Bxf3 49. Bd7 Kg6 50. Bxb5 Kxh6 51. Bxc4 Kg5 52. Ke3 Bc6 53. b5 Bxb5 54. Bxb5 e4 55. Bd3 exd3 56. Kxd3 1/2-1/2

[Event "Prague Open 2024"]
[Site "Prague"]
[Date "2024.01.11"]
[Round "8.13"]
[White "Kirtadze, Anastasia"]
[Black "Jun, Rudolf"]
[Result "1-0"]
[ECO "B30"]
[WhiteElo "1981"]
[BlackElo "2283"]
[Annotator "RC"]
[PlyCount "77"]
[EventDate "2024.01.02"]
[EventType "swiss"]
[EventCountry "CZE"]
[SourceTitle "playchess.com"]
[Source "ChessBase"]
[SourceQuality "1"]
[TimeControl "40/5400+30:1800+30"]

1. e4 c5 2. Nf3 Nc6 3. Bb5 e6 4. O-O d6 5. c3 a6 6. Bxc6+ bxc6 7. d4 cxd4 8. cxd4 d5 9. Qc2 Bd7 10. Nc3 Be7 11. Bd2 dxe4 12. Nxe4 Nf6 13. Nxf6+ Bxf6 14. Bb4 Be7 15. Bxe7 Qxe7 16. Qc5 Qxc5 17. dxc5 f6 18. Rfd1 e5 19. Rd6 Ke7 20. Nd2 Rab8 21. Nb3 Rb5 22. Rad1 Rd8 23. f4 e4 24. f5 g6 25. Nd4 Rbb8 26. Rxd7+ Kxd7 27. Ne6+ Ke7 28. Nxd8 Rxd8 29. Rxd8 Kxd8 30. g4 a5 31. Kf2 a4 32. Ke3 a3 33. b4 Kc7 34. fxg6 hxg6 35. Kxe4 Kd7 36. h4 Ke6 37. h5 g5 38. h6 f5+ 39. gxf5+ 1-0

[Event "Prague Open 2024"]
[Site "Prague"]
[Date "2024.01.11"]
[Round "8.14"]
[White "Vojta, Jakub"]
[Black "Teng, Jiarong"]
[Result "1/2-1/2"]
[ECO "A13"]
[WhiteElo "2261"]
[BlackElo "2063"]
[Annotator "RC"]
[PlyCount "101"]
[EventDate "2024.01.02"]
[EventType "swiss"]
[EventCountry "CZE"]
[SourceTitle "playchess.com"]
[Source "ChessBase"]
[SourceQuality "1"]
[TimeControl "40/5400+30:1800+30"]

1. c4 Nf6 2. g3 e6 3. Bg2 d5 4. Nf3 dxc4 5. Na3 a6 6. Nxc4 Be7 7. a4 O-O 8. O-O b6 9. Nfe5 Nd5 10. e4 Nb4 11. d4 Bb7 12. Be3 Nd7 13. Qb3 Nxe5 14. Nxe5 a5 15. Rfd1 Re8 16. Rac1 Bf8 17. f3 Qe7 18. Bf1 Rac8 19. Bb5 c6 20. Bc4 Qc7 21. f4 Bd6 22. f5 Bxe5 23. fxe6 f6 24. dxe5 Qxe5 25. Bxb6 Kh8 26. Qe3 c5 27. Bxa5 Qxb2 28. Qc3 Qxc3 29. Rxc3 Nc6 30. Bb5 Rxe6 31. Rxc5 Ra8 32. Bc3 Ne5 33. a5 h6 34. Rc7 Nf3+ 35. Kf2 Ng5 36. Rxb7 Nxe4+ 37. Kf3 Nxc3 38. Rdd7 Nxb5 39. Rxb5 Rea6 40. Rbb7 Rg8 41. Ra7 Ra8 42. Rab7 Rg8 43. Ra7 Ra8 44. Rd8+ Rxd8 45. Rxa6 Rd2 46. h4 h5 47. Rb6 Kh7 48. a6 Ra2 49. Kf4 Kg6 50. Ke4 Ra3 51. Kf4 1/2-1/2

[Event "Prague Open 2024"]
[Site "Prague"]
[Date "2024.01.11"]
[Round "8.16"]
[White "Xie, Felix"]
[Black "Elashvili, Giorgi"]
[Result "1-0"]
[ECO "E73"]
[WhiteElo "2249"]
[BlackElo "1942"]
[Annotator "TA"]
[PlyCount "83"]
[EventDate "2024.01.02"]
[EventType "swiss"]
[EventCountry "CZE"]
[SourceTitle "playchess.com"]
[Source "ChessBase"]
[SourceQuality "1"]
[TimeControl "40/5400+30:1800+30"]

1. d4 Nf6 2. c4 g6 3. Nc3 Bg7 4. e4 d6 5. Be2 O-O 6. Be3 c5 7. d5 e6 8. Nf3 exd5 9. cxd5 Re8 10. Nd2 {[%emt 0:00:30] Weiß steht etwas besser.} b6 11. O-O Na6 12. Bb5 Re7 13. Bg5 h6 14. Bh4 Nc7 15. Bc6 Rb8 16. f4 Ng4 {[%emt 0:06:48] [#]} 17. e5 $1 dxe5 18. Bxe7 ({Vorzuziehen ist} 18. Nde4 $18 {Und d6 würde nun gewinnen.} exf4 19. Bxe7 Qxe7 20. d6) 18... Qxe7 $16 19. Nc4 (19. Nf3 $16 {Und jetzt d6 wäre schön.} exf4 20. d6 Qe3+ 21. Kh1) 19... Qh4 $14 20. h3 {[%emt 0:04:05] Aktives Gegenspiel!} exf4 21. Ne2 {[%emt 0:03:24] Verhindert Bd4+} (21. Rxf4 $16 Bd4+ 22. Rxd4 Qf2+ 23. Kh1 Qxd4 (23... cxd4 24. d6 $16) 24. hxg4 Qxc4 25. d6) 21... Ne3 22. Nxe3 fxe3 23. Qd3 (23. d6 $5 Ne6 $8 24. d7 $14) 23... Qg5 24. Rf3 {[%emt 0:01:15][%cal Od5d6] Droht stark d6! Das Brett brennt.} (24. d6 $5 Ne6 $8 25. Be8 $11) 24... Ba6 25. Qxe3 Bxe2 (25... Nxd5 $2 26. Qxg5 hxg5 27. Bxd5 $18) 26. Qxe2 {[%emt 0:00:07] Raf1 ist eine echte Drohung.} Nxd5 $40 {[%emt 0:00:06][%mdl 128] Schwarz startet einen Angriff.} 27. Qc4 {[%emt 0:03:27] Wehrt Nf4 ab} (27. Raf1 $11) 27... Bd4+ 28. Kh1 Nf6 (28... Bxb2 $2 29. Rb1 $18) (28... Qxg2+ $2 29. Kxg2 Ne3+ 30. Rxe3 Bxe3 31. Qe4 $18) 29. Re1 Rf8 30. Re7 a6 31. Be8 b5 $2 (31... Nxe8 $2 32. Rfxf7 $18 (32. Rexf7 Rxf7 33. Qxf7+ Kh8 $18) (32. Rexf7 Rxf7 33. Qxf7+ Kh8 $18)) (31... Kh8 $1 $15 {bleibt weiter vorne.} 32. Bc6 (32. Rxf7 $2 Rxe8 33. Qf1 Re6 $19) (32. Bxf7 Ng4 $17) 32... b5) 32. Bxf7+ $16 Kh8 33. Qe2 Nh5 (33... Qc1+ $16 {war angesagt.} 34. Rf1 Qg5) 34. Qe6 $4 (34. Qe1 $18 Ng7 35. b4) 34... Qc1+ $2 (34... Bxb2 35. Bxg6 Ng3+ 36. Rxg3 Rf1+ 37. Kh2) (34... Nf4 $19 35. Rxf4 (35. Qxa6 $2 Qxg2#) 35... Qxf4 36. Qxg6 Bf2) 35. Qe1 $14 Qg5 (35... Qxe1+ $14 36. Rxe1 Kg7) 36. Re8 $18 Bg7 37. Rxf8+ Bxf8 {[%emt 0:00:01] Schwarz ist schwach auf den weissen Feldern} 38. Qe8 Kg7 {[%emt 0:00:05] [#]} (38... Qe7 $142 39. g4 (39. Bxg6 Nf6 $18) 39... Ng7 40. Qxe7 Bxe7 41. Bxg6 a5) 39. Bc4 $1 Qc1+ 40. Rf1 Ng3+ 41. Kg1 Nh5 42. Kh1 $2 {[%mdl 32768] Gewichteter Fehlerwert: Weiß=0.36/Schwarz=0.68.  Gewinn verpasst:   	Weiß=1     	Schwarz=1     Fehler:       	Weiß=5     	Schwarz=3     Ungenau:       	Weiß=1     	Schwarz=3     OK:         	Weiß=13    	Schwarz=10    Bester:       	Weiß=6     	Schwarz=2     Brilliant:      	Weiß=1     	---       . Fehler vom Sensorbrett (Ke4/e5)?} (42. Qxf8+ {setzt Matt} Kh7 43. Qg8#) 1-0

[Event "Prague Open 2024"]
[Site "Prague"]
[Date "2024.01.11"]
[Round "8.17"]
[White "Matras, Ondrej"]
[Black "Bezeyko, Olexander"]
[Result "1-0"]
[ECO "D37"]
[WhiteElo "2185"]
[BlackElo "1851"]
[Annotator "TA"]
[PlyCount "73"]
[EventDate "2024.01.02"]
[EventType "swiss"]
[EventCountry "CZE"]
[SourceTitle "playchess.com"]
[Source "ChessBase"]
[SourceQuality "1"]
[TimeControl "40/5400+30:1800+30"]

1. d4 d5 2. c4 e6 3. Nc3 Nf6 4. Nf3 Be7 5. Bf4 O-O 6. e3 Nbd7 7. Qc2 c5 8. a3 h6 (8... cxd4 $142 9. exd4 dxc4) 9. Rd1 cxd4 10. exd4 {[%emt 0:00:35] The position is equal.} dxc4 11. Bxc4 Nb6 12. Ba2 Nbd5 13. Bd2 Bd7 14. O-O Bc6 15. Ne5 Nxc3 16. Nxc6 (16. bxc3 $11 Be4 17. Qb3) 16... Ne2+ $15 17. Kh1 bxc6 18. Be3 {[%emt 0:00:12] [#]} Nxd4 $1 19. Rxd4 Qb8 20. Bb1 Qb5 21. Rc1 Rfd8 {[%emt 0:00:58] Wards off Rd7} 22. Rc4 a5 23. a4 Qh5 24. h3 Rac8 25. Bd4 Qd5 (25... g6 $15) 26. Bb6 $11 {[%emt 0:09:41] A strong pair of Bishops.} Re8 27. Rd1 Qh5 28. Rdd4 e5 (28... Bb4 $15) 29. Rh4 $14 Qg5 {[%emt 0:00:24][%mdl 8192] [#] This move loses the game for Black.} (29... Qg6 $11) 30. Rcg4 $1 $18 {[%emt 0:00:59][%mdl 512] White is clearly winning.} e4 (30... Rb8 31. Bxa5) 31. Rxg5 hxg5 32. Rxe4 Nxe4 33. Qxe4 g6 34. Ba2 Kg7 35. Bxa5 Bf6 36. Qc4 Re7 37. Bc3 {[%emt 0:01:07] Weighted Error Value: White=0.13 (very precise) /Black=0.30.  Loses game:     	---       	Black=1      Mistake:       	White=1     	Black=3      Inaccurate:     	White=4     	Black=1      OK:         	White=8     	Black=9      Best:        	---       	Black=3      Brilliant:      	White=1     	---} 1-0